 Dungeon Crawl Stone Soup version 0.30-a0-137-gd8773701ce (webtiles) character file.

Game seed: 9153447581572416407

45236 funkygono the Thaumaturge (level 14, -23/88 (100) HPs)
             Began as a Demonspawn Fire Elementalist on Sept 21, 2022.
             Was a High Priest of Kikubaaqudgha.
             Annihilated by Rupert
             ... wielding a +3 great mace of draining
              (34 damage)
             ... on level 2 of the Lair of Beasts on Sept 22, 2022.
             The game lasted 00:43:18 (18866 turns).

funkygono the Thaumaturge (DsFE)                   Turns: 18866, Time: 00:43:19

HP:   -23/88 (100)  AC: 13    Str:  9    XL:     14   Next: 0%
MP:   22/30         EV: 15    Int: 22    God:    Kikubaaqudgha [*****.]
Gold: 1430          SH:  0    Dex: 15    Spells: 12/37 levels left

rFire   . . .      SeeInvis .    H - +9 long sword "Ipomoly" {flame, Int+2}
rCold   . . .      Faith    .    (no shield)
rNeg    . . .      Spirit   .    u - +1 steam dragon scales
rPois   .          Reflect  .    (helmet restricted)
rElec   .          Harm     .    J - +1 cloak
rCorr   +          Rampage  .    h - +1 pair of gloves
Will    ++...                    (no boots)
Stlth   ++........               K - amulet of magic regeneration
HPRegen 0.24/turn                k - ring of willpower
MPRegen 0.62/turn                A - ring of resist corrosion

@: heavily drained
A: antennae 2, thin metallic scales 2, powered by death 3, demonic magic 2
a: Renounce Religion, Unearth Wretches, Torment


You were on level 2 of the Lair of Beasts.
You worshipped Kikubaaqudgha.
Kikubaaqudgha was extremely pleased with you.
You visited 3 branches of the dungeon, and saw 15 of its levels.
You also visited: Bailey.

You collected 1430 gold pieces.

Inventory:

Hand Weapons
 c - the +9 rapier of Xekhliqya {vorpal, rC+}
   (You found it on level 2 of the Dungeon)

   It inflicts extra damage upon your enemies.
   rC:        It protects you from cold.
 f - a +2 falchion of venom
 H - the +9 long sword "Ipomoly" (weapon) {flame, Int+2}
   (You found it on level 10 of the Dungeon)

   It burns those it strikes, dealing additional fire damage.
   Big, fiery blades are also staple armaments of hydra-hunters.
   Int:       It affects your intelligence (+2).
Armour
 h - a +1 pair of gloves (worn)
 m - a scarf of resistance
 u - +1 steam dragon scales (worn)
 C - a +2 robe of cold resistance
 J - a +1 cloak (worn)
Jewellery
 e - a ring of positive energy
 g - an amulet of regeneration
 j - a ring of protection from fire
 k - a ring of willpower (left hand)
 v - a ring of see invisible
 A - a ring of resist corrosion (right hand)
 G - a ring of willpower
 K - an amulet of magic regeneration (around neck)
 L - a +6 ring of strength
 P - the ring "Werphiy" {rF+ rCorr Str-3 Dex+6}
   (You found it on level 3 of the Lair of Beasts)

   [ring of resist corrosion]

   Str:       It affects your strength (-3).
   Dex:       It affects your dexterity (+6).
   rF:        It protects you from fire.
   rCorr:     It protects you from acid and corrosion.
Wands
 a - a wand of roots (11)
 s - a wand of charming (15)
 t - a wand of quicksilver (6)
 B - a wand of mindburst (7)
 E - a wand of flame (7)
Scrolls
 l - 4 scrolls of teleportation
 n - a scroll of silence
 y - 2 scrolls of fear
 D - 2 scrolls of butterflies
 I - a scroll of torment
 M - a scroll of magic mapping
 O - a scroll of blinking
Potions
 b - a potion of magic
 d - 2 potions of brilliance
 i - 9 potions of curing
 o - 2 potions of invisibility
 p - 3 potions of heal wounds
 q - 3 potions of resistance
 r - a potion of berserk rage
 w - 2 potions of mutation
 x - 9 potions of ambrosia
 z - 2 potions of cancellation
 F - a potion of haste
 N - a potion of might {unknown}


   Skills:
 + Level 6.0 Fighting
 + Level 4.5(5.4) Short Blades
 + Level 4.6(5.5) Long Blades
 + Level 6.3 Dodging
 + Level 1.8 Stealth
 + Level 12.3 Spellcasting
 + Level 10.6 Conjurations
 + Level 6.5 Necromancy
 + Level 0.7 Translocations
 + Level 10.0 Fire Magic
 + Level 0.1 Air Magic
 + Level 6.6 Earth Magic


You had 12 spell levels left.
You knew the following spells:

 Your Spells              Type           Power      Damage    Failure   Level
a - Foxfire               Conj/Fire      100%       2x1d9     1%          1
b - Scorch                Fire           100%       2d10      1%          2
c - Kindle Blastsparks    Fire/Tloc/Air  58%        2d14      3%          3
d - Flame Wave            Conj/Fire      56%        2d13      1%          4
e - Stone Arrow           Conj/Erth      100%       3d13      1%          3
f - Necrotise             Necr           100%       1d9       1%          1
g - Sublimation of Blood  Necr           42%        N/A       1%          2
h - Dispel Undead         Necr           42%        3d17      3%          4
i - Agony                 Necr           42%        N/A       9%          5

Your spell library contained the following spells:

 Spells                   Type           Power      Damage    Failure   Level
 Sandblast                Erth           84%        2d18      1%          1
 Passwall                 Tmut/Erth      23%        N/A       1%          2
 Inner Flame              Hex/Fire       35%        N/A       1%          3
 Vampiric Draining        Necr           42%        2d9       1%          3
 Cigotuvi's Dreadful Rot  Necr/Pois/Air  46%        N/A       3%          2
 Borgnjor's Vile Clutch   Necr/Erth      21%        N/A       9%          5
 Tukima's Dance           Hex            13%        N/A       14%         3
 Freezing Cloud           Conj/Ice/Air   14%        6-21      30%         5
 Passage of Golubria      Tloc           16%        N/A       34%         4
 Summon Lightning Spire   Summ/Air       13%        N/A       43%         4
 Death Channel            Necr           21%        N/A       45%         6
 Yara's Violent Unravell  Hex/Tmut       6%         3d5       80%         5
 Simulacrum               Ice/Necr       13%        N/A       88%         6
 Summon Cactus Giant      Summ           6%         N/A       100%        6
 Storm Form               Tmut/Air       6%         N/A       100%        7
 Maxwell's Capacitive Co  Air            6%         ∞         100%        8


Dungeon Overview and Level Annotations

Branches:
Dungeon (11/15)            Temple (1/1) D:6            Lair (3/5) D:10
  Swamp (0/4) Lair:2        Snake (0/4) Lair:2          Orc (0/2) D:9
 Bailey (visited)

Altars:
Ashenzari
Cheibriados
Dithmenos
Fedhas
Gozag
Hepliaklqana
Kikubaaqudgha
Makhleb
Nemelex Xobeh
Okawaru
Qazlal
Ru
Sif Muna
Trog
Uskayaw
Vehumet
Wu Jian
Xom
Yredelemnul

Shops:
D:2 (   D:4 :

Annotations:
D:4 exclusion: statue
Lair:1 2 transporters, gabibbone's ghost, novice VSBr
Lair:2 Rupert
Lair:3 Nessos


Innate Abilities, Weirdness & Mutations

You have a pair of antennae on your head.
You are mostly covered in thin metallic scales. (AC +3)
You regenerate a lot of health from kills.
Spells you cast may paralyse nearby enemies.


Message History

Press: ? - help, Shift-Dir - straight line, f/p - Rupert
Aim: Rupert, wielding a +3 great mace of draining and wearing a +2 leather armour of fire resistance (lightly wounded, 78% to hit)
The stone arrow hits Rupert!
Rupert is moderately wounded.
Malevolent energies surge around you.
Rupert roars madly and goes into a rage!
Rupert goes berserk!
Casting: Stone Arrow (safe; 1% risk of failure)
Confirm with . or Enter, or press ? or * to list all spells.
Aiming: Stone Arrow (safe; 1% risk of failure)
Press: ? - help, Shift-Dir - straight line, f/p - Rupert
Aim: Rupert, wielding a +3 great mace of draining and wearing a +2 leather armour of fire resistance (moderately wounded, berserk, 78% to hit)
The stone arrow hits Rupert!
Rupert is moderately wounded.
Malevolent energies surge around you.
You hear a horrible gurgling sound!
Nessos mumbles some strange words.
Nessos seems to speed up.
Rupert hits you with a +3 great mace of draining!!
You feel drained.
Nessos stands on their hind legs for a moment.
Rupert hits you with a +3 great mace of draining!!
You feel drained. Nessos misses you. Nessos barely misses you.
You climb upwards.
There is a stone staircase leading down here.
Casting: Stone Arrow (safe; 1% risk of failure)
Confirm with . or Enter, or press ? or * to list all spells.
Aiming: Stone Arrow (safe; 1% risk of failure)
Press: ? - help, Shift-Dir - straight line, f - Rupert
Aim: Rupert, wielding a +3 great mace of draining and wearing a +2 leather armour of fire resistance (moderately wounded, berserk, 78% to hit)
The stone arrow hits Rupert!
Rupert is heavily wounded.
Malevolent energies surge around you.
Rupert hits you with a +3 great mace of draining!
* * * LOW HITPOINT WARNING * * *
You feel drained.
* * * LOW HITPOINT WARNING * * *
Rupert hits you with a +3 great mace of draining!!
You die...
Kikubaaqudgha rasps: "You have failed me!
Welcome... death!"

....#####.#+..P.....##
....#.........P......#
..............#.....##
..............#[....#
....#.........#....[#
....###..+##........#
....................##
...............@....P#
................@...##
####.P.##############
# #####


You could see Rupert (berserk).

Vanquished Creatures
  An orc warlord (Bailey)
  Snorg (D:10)
  Josephine (D:11)
  2 hydras (Lair:2)
  2 two-headed ogres
  2 boulder beetles
  5 death yaks (Lair:1)
  Lodul (D:11)
  A necromancer (Lair:3)
  2 cyclopes (D:11)
  9 elephants (Lair:1)
  3 black mambas
  Maggie (D:8)
  3 gargoyles
  2 cane toads
  2 kobold demonologists (D:9)
  A rime drake (Lair:3)
  2 komodo dragons
  3 trolls
  A queen bee (D:10)
  A hornet (D:8)
  A polar bear (Lair:2)
  18 blink frogs
  4 wraiths
  33 yaks
  2 shadows
  A wyvern (Lair:2)
  Eustachio (D:5)
  2 basilisks (Lair:1)
  A steam dragon (D:8)
  2 vampire mosquitoes (D:11)
  3 acid dragons
  9 water moccasins
  2 sky beasts (D:6)
  2 ice beasts
  7 orc warriors
  9 ogres
  12 wolves
  A centaur (D:6)
  4 kobold brigands (D:9)
  7 bullfrogs
  2 scorpions
  2 necrophages
  2 gnoll sergeants
  12 wights
  14 killer bees
  2 howler monkeys
  2 hounds
  A gnoll bouda (D:5)
  7 orc priests
  Jessica (D:2)
  3 iguanas
  12 orc wizards
  2 polar bear simulacra (Lair:3)
  6 yak simulacra (Lair:3)
  A wolf simulacrum (Lair:3)
  19 gnolls
  7 adders
  A shadow imp (D:6)
  2 white imps
  2 ufetubi
  3 worms
  5 dart slugs
  36 orcs
  9 endoplasms
  4 giant cockroaches
  10 goblins
  13 hobgoblins
  8 jackals
  27 kobolds
  A quokka (D:2)
  4 ball pythons
  2 bats
  3 frilled lizards
  2 rats (D:2)
  2 river rat simulacra (Lair:3)
396 creatures vanquished.

Vanquished Creatures (collateral kills)
  2 yaks
  2 foxfires (Lair:2)
4 creatures vanquished.

Vanquished Creatures (others)
  An orc wizard (D:8)
  A rat (D:8)
  657 foxfires
  10 fungi
  54 plants
723 creatures vanquished.

Grand Total: 1123 creatures vanquished

Notes
Turn   | Place    | Note
-------+----------+-------------------------------------------
     0 | D:1      | funkygono the Demonspawn Fire Elementalist began the quest
                  | for the Orb.
     0 | D:1      | Reached XP level 1. HP: 13/13 MP: 3/3
   476 | D:1      | Gained mutation: You regenerate a little health from kills.
                  | [demonic ancestry]
   476 | D:1      | Reached XP level 2. HP: 19/19 MP: 1/5
   968 | D:1      | Learned a level 2 spell: Scorch
  1035 | D:1      | Got the Tractate on Boreal Vitiation
  1229 | D:1      | Gained mutation: You regenerate health from kills. [demonic
                  | ancestry]
  1229 | D:1      | Reached XP level 3. HP: 24/24 MP: 4/6
  1233 | D:1      | Learned a level 3 spell: Kindle Blastsparks
  1920 | D:2      | Found Ismafuod's Antique Weapon Emporium.
  2074 | D:2      | Identified the +9 rapier of Xekhliqya {vorpal, rC+}
  2155 | D:2      | Gained mutation: Spells you cast may paralyse adjacent
                  | enemies. [demonic ancestry]
  2155 | D:2      | Reached XP level 4. HP: 30/30 MP: 3/8
  2381 | D:2      | Noticed Jessica
  2386 | D:2      | Killed Jessica
  2387 | D:2      | Reached skill level 3 in Spellcasting
  2527 | D:2      | Identified the +2 chain mail "Kikh" {-Tele rElec rF+ Str+4}
  3183 | D:3      | Found a faded altar of an unknown god.
  3899 | D:4      | Reached XP level 5. HP: 33/35 MP: 5/10
  3904 | D:4      | Learned a level 4 spell: Flame Wave
  4120 | D:4      | Reached skill level 4 in Spellcasting
  4120 | D:4      | Gained mutation: You are partially covered in thin metallic
                  | scales. (AC +2) [demonic ancestry]
  4120 | D:4      | Reached XP level 6. HP: 37/42 MP: 1/12
  4282 | D:4      | Found an opulent altar of Gozag.
  4834 | D:4      | Found Qiac's Self-Improvement Boutique.
  5111 | D:4      | Found a radiant altar of Vehumet.
  5245 | D:4      | Gained mutation: You regenerate a lot of health from kills.
                  | [demonic ancestry]
  5245 | D:4      | Reached XP level 7. HP: 44/47 MP: 3/14
  5336 | D:4      | Reached skill level 6 in Spellcasting
  5336 | D:4      | Reached skill level 5 in Conjurations
  5336 | D:4      | Reached XP level 8. HP: 60/60 MP: 14/18
  5365 | D:5      | Entered Level 5 of the Dungeon
  5407 | D:5      | Reached skill level 7 in Spellcasting
  5535 | D:5      | Noticed Eustachio
  5677 | D:5      | Killed Eustachio
  6298 | D:5      | Identified 2 scrolls of acquirement
  6298 | D:5      | Acquired a ring of see invisible
  6300 | D:5      | Acquired 391 gold pieces
  6382 | D:6      | Found a staircase to the Ecumenical Temple.
  6393 | Temple   | Entered the Ecumenical Temple
  6697 | Temple   | Became a worshipper of Kikubaaqudgha
  6974 | D:6      | Learned a level 3 spell: Stone Arrow
  7577 | D:6      | Gained mutation: Spells you cast may paralyse nearby
                  | enemies. [demonic ancestry]
  7577 | D:6      | Reached XP level 9. HP: 63/65 MP: 15/20
  9113 | D:8      | Noticed Maggie
  9122 | D:8      | Killed Maggie
  9122 | D:8      | Reached * piety under Kikubaaqudgha
  9122 | D:8      | Received a gift from Kikubaaqudgha
  9123 | D:8      | Reached skill level 8 in Spellcasting
  9780 | D:8      | Found a sacrificial altar of Ru.
 10092 | D:9      | Found a blossoming altar of Fedhas.
 10095 | D:9      | Learned a level 1 spell: Necrotise
 10098 | D:9      | Learned a level 2 spell: Sublimation of Blood
 10241 | D:9      | Gained mutation: You have a pair of small antennae on your
                  | head. [demonic ancestry]
 10241 | D:9      | Reached XP level 10. HP: 71/71 MP: 9/22
 10254 | D:9      | Noticed a gargoyle
 10258 | D:9      | Killed a gargoyle
 10372 | D:9      | Found a staircase to the Orcish Mines.
 11069 | D:9      | Reached skill level 9 in Spellcasting
 11399 | D:10     | Entered Level 10 of the Dungeon
 11403 | D:10     | Noticed Snorg
 11413 | D:10     | Killed Snorg
 11557 | D:10     | Found a flagged portal.
 11568 | D:10     | Reached XP level 11. HP: 77/77 MP: 5/24
 11568 | D:10     | Reached ** piety under Kikubaaqudgha
 11672 | Bailey   | Entered a bailey
 11782 | Bailey   | Noticed an orc warlord
 12033 | Bailey   | Found a runed translucent gate.
 12033 | Bailey   | Found a runed translucent gate.
 12054 | Bailey   | Found a runed translucent gate.
 12263 | Bailey   | Killed an orc warlord
 12490 | Bailey   | Reached skill level 1 in Long Blades
 12490 | Bailey   | Reached skill level 5 in Dodging
 12490 | Bailey   | Reached skill level 10 in Spellcasting
 12490 | Bailey   | Reached skill level 5 in Necromancy
 12490 | Bailey   | Reached skill level 5 in Earth Magic
 12490 | Bailey   | Gained mutation: You have a pair of antennae on your head.
                  | [demonic ancestry]
 12490 | Bailey   | Reached XP level 12. HP: 84/84 MP: 24/26
 12584 | D:10     | Noticed a two-headed ogre
 12595 | D:10     | Killed a two-headed ogre
 12679 | D:10     | Reached *** piety under Kikubaaqudgha
 12679 | D:10     | Received a gift from Kikubaaqudgha
 12863 | D:10     | Found a staircase to the Lair.
 12863 | D:10     | Identified the +9 long sword "Ipomoly" {flame, Int+2}
 13650 | D:10     | Learned a level 4 spell: Dispel Undead
 14403 | D:11     | Noticed a two-headed ogre
 14408 | D:11     | Killed a two-headed ogre
 14409 | D:11     | Reached skill level 5 in Fighting
 14794 | D:11     | Noticed Lodul
 14797 | D:11     | Reached **** piety under Kikubaaqudgha
 14811 | D:11     | Killed Lodul
 14812 | D:11     | Reached skill level 11 in Spellcasting
 15072 | D:11     | Noticed Josephine
 15079 | D:11     | Killed Josephine
 15492 | Lair:1   | Entered Level 1 of the Lair of Beasts
 15495 | Lair:1   | Found a transporter.
 15518 | Lair:1   | Found a transporter.
 15520 | Lair:1   | Noticed gabibbone's ghost (novice VSBr)
 15531 | Lair:1   | Found a bloodstained altar of Trog.
 15561 | Lair:1   | Gained mutation: You are mostly covered in thin metallic
                  | scales. (AC +3) [demonic ancestry]
 15561 | Lair:1   | Reached XP level 13. HP: 68/91 MP: 21/28
 16308 | Lair:1   | Reached ***** piety under Kikubaaqudgha
 16587 | Lair:1   | Reached skill level 10 in Conjurations
 17153 | Lair:1   | Reached skill level 10 in Fire Magic
 17221 | Lair:1   | Learned a level 5 spell: Agony
 17416 | Lair:2   | Reached skill level 12 in Spellcasting
 17605 | Lair:2   | Found a staircase to the Swamp.
 17676 | Lair:2   | Found a staircase to the Snake Pit.
 18660 | Lair:3   | Identified the ring "Werphiy" {rF+ rCorr Str-3 Dex+6}
 18761 | Lair:3   | Reached XP level 14. HP: 100/100 MP: 28/30
 18853 | Lair:3   | Noticed Rupert
 18853 | Lair:3   | Noticed Nessos
 18866 | Lair:2   | Annihilated by Rupert

Illustrated notes

Levels and vault maps discovered:
D:1:      nicolae_arrival_memento_mori, layout_basic, minmay_nonomino_d4
D:2:      layout_loops_ring, serial_shops, nicolae_shop_stone,
          grunt_decor_mini_mirrors, serial_park_tiny_1, uniq_jessica
D:3:      layout_basic, hellmonk_ecumenical_altar_blasted
D:4:      layout_loops_corners, grunt_temple_overflow_gold_and_silver,
          vehumet_statue, minmay_misc_feat_enclosed, nicolae_shop_self_help
D:5:      layout_gridville, uniq_eustachio
D:6:      layout_layer_cave, minmay_temple_entry_slanted, nrook_uturn
D:7:      layout_loops_ring
D:8:      layout_gridville, lemuel_doored_altar, dk_vineyard_3,
          dk_rats_in_the_wall, uniq_maggie
D:9:      layout_small_grid, kennysheep_little_box, orc_0_dummy,
          eino_tiny_chamber
D:10:     layout_rooms, david_lair_shrubbed, special_room [special_room_bee],
          enter_bailey_4, small_statue_intersection, nicolae_hexahallways,
          minivault_4, uniq_snorg
D:11:     layout_roguey, hex_tiny, uniq_lodul, uniq_josephine
Temple:   minmay_temple_bridge_d
Lair:1:   layout_roguey, gammafunk_ghost_wrathful_warriors, enter_volcano_2,
          chequers_serial_rivers_room_a, lemuel_fruit_tree,
          infiniplex_staircase_pool_2, grunt_megastairs_1
Lair:2:   layout_chaotic_city, swamp_mist, dummy_snake_entry,
          chequers_serial_rivers_small_3, grunt_megastairs_2
Lair:3:   layout_loops_ring, minivault_24, eino_house_with_fridge,
          serial_bayou_shore_b, uniq_gastronok, uniq_rupert, uniq_nessos

Skill      XL: |  1  2  3  4  5  6  7  8  9 10 11 12 13 |
---------------+----------------------------------------+-----
Fire Magic     | 3 4 6 7 8 9 10 | 10.0
Dodging        | 2 4 5 6 |  6.3
Spellcasting   | 3 4 6 7 8 9 10 11 12 | 12.3
Conjurations   | 2 5 6 7 8 9 10 | 10.6
Fighting       | 3 4 5 6 |  6.0
Short Blades   | 3 4 |  4.5
Necromancy     | 3 4 5 6 |  6.5
Earth Magic    | 3 5 6 |  6.6
Long Blades    | 1 2 4 |  4.6
Stealth        | |  1.8
Translocations | |  0.7
Air Magic      | |  0.1

Action                   |  1- 3 |  4- 6 |  7- 9 | 10-12 | 13-15 || total
-------------------------+-------+-------+-------+-------+-------++-------
Melee: Short sword       |    29 |       |       |       |       ||    29
       Punch             |     1 |       |       |     1 |       ||     2
       Dagger            |     7 |       |       |       |       ||     7
       Rapier            |     1 |    10 |    26 |    47 |       ||    84
       Long sword        |       |       |       |    32 |    82 ||   114
 Cast: Foxfire           |    61 |    65 |   145 |    83 |    34 ||   388
       Scorch            |     6 |    20 |    13 |    11 |     3 ||    53
       Stone Arrow       |       |       |    32 |    92 |    54 ||   178
       Flame Wave        |       |       |     5 |    26 |    25 ||    56
       Necrotise         |       |       |     3 |    24 |    12 ||    39
       Kindle Blastspark |       |       |       |     2 |       ||     2
       Sublimation of Bl |       |       |       |       |     4 ||     4
       Agony             |       |       |       |       |     2 ||     2
Invok: Unearth Wretches  |       |       |     1 |       |       ||     1
  Use: Scroll            |     4 |     8 |     8 |     9 |     4 ||    33
       Potion            |       |       |     1 |     4 |     2 ||     7
 Stab: Paralysed         |       |     2 |     2 |     8 |     5 ||    17
Armor: Robe              |    10 |     3 |    20 |       |       ||    33
       Steam dragon scal |       |       |     3 |    26 |    64 ||    93
Dodge: Dodged            |    39 |     8 |    53 |    84 |   104 ||   288

Table legend: (Time is in decaauts)
 A = Elapsed time spent in this place.
 B = Non-inter-level travel time spent in this place.
 C = Inter-level travel time spent in this place.
 D = Time resting spent in this place.
 E = Time spent auto-exploring this place.
 F = Levels seen in this place.
 G = Mean time per level.
                   A        B        C        D        E       F      G
               +--------+--------+--------+--------+--------+-----+--------+
         Total |  18915 |  18227 |    688 |   1686 |  13506 |  16 | 1182.2 |
       Dungeon |  14250 |  13758 |    492 |    949 |  10794 |  11 | 1295.5 |
        Temple |    379 |    229 |    150 |      0 |    212 |   1 |  379.0 |
          Lair |   3394 |   3349 |     45 |    315 |   2346 |   3 | 1131.3 |
        Bailey |    891 |    891 |      0 |    422 |    153 |   1 |  891.0 |
               +--------+--------+--------+--------+--------+-----+--------+

Top non-repeatable levels by time:
  Lair:1: 1719 daAuts
    D:10: 1650 daAuts
    D:11: 1578 daAuts
     D:6: 1566 daAuts
     D:1: 1504 daAuts
     D:4: 1445 daAuts
     D:9: 1416 daAuts
     D:2: 1388 daAuts
     D:3: 1027 daAuts
     D:5: 958 daAuts
  Lair:2: 949 daAuts
     D:8: 905 daAuts
  Bailey: 891 daAuts
     D:7: 808 daAuts
  Lair:3: 726 daAuts
